 Dungeon Crawl Stone Soup version 0.20.1-1-g8b1a95d (webtiles) character file.

184 gobwax the Conjurer (level 5, -4/42 HPs)
             Began as a Deep Elf Conjurer on Sept 8, 2017.
             Slain by a crocodile (5 damage)
             ... in a sewer.
             The game lasted 00:06:36 (2617 turns).

gobwax the Conjurer (Deep Elf Conjurer)             Turns: 2617, Time: 00:06:37

Health: -4/42      AC: 22    Str:  5    XL:     5   Next: 36%
Magic:  4/12       EV:  2    Int: 21    God:
Gold:   169        SH:  0    Dex: 15    Spells: 5/11 levels left

rFire    . . .     SeeInvis .   s - -3 dagger (curse)
rCold    . . .     Gourm    .   (no shield)
rNeg     + + +     Faith    .   (armour currently unavailable)
rPois    +         Spirit   .   (helmet currently unavailable)
rElec    .         Reflect  .   (cloak currently unavailable)
rCorr    .         Harm     .   (gloves currently unavailable)
MR       .....     NoTele   +   (boots currently unavailable)
Stlth    ++........             (no amulet)
Regen    0.2/turn               (no ring)
MPRegen  0.2/turn               (no ring)

@: tree-form, berserk cooldown, hasted and slowed
A: no striking features
a: no special abilities


You were in a sewer.
You were not hungry.
You were a tree.
You visited 1 branch of the dungeon, and saw 3 of its levels.
You also visited: Sewer.

You collected 169 gold pieces.

Inventory:

Hand Weapons
 s - a cursed -3 dagger (weapon)
Missiles
 x - 6 silver javelins (quivered)
Armour
 a - a +0 robe (melded)
Scrolls
 m - a scroll of enchant weapon {unknown}
 n - a scroll of enchant armour {unknown}
 o - a scroll of blinking
 p - a scroll of remove curse {unknown}
 q - 2 scrolls of identify
 u - a scroll of random uselessness {unknown}
 v - a scroll of immolation {unknown}
 w - a scroll of amnesia {unknown}
 y - 2 scrolls of recharging {unknown}
Potions
 e - 4 potions of might {unknown}
 j - a potion of heal wounds {unknown}
 k - a potion of curing {unknown}
 l - a potion of haste
 t - a potion of brilliance {unknown}
Books
 b - a book of Conjurations

   Spells                             Type                      Level
   a - Magic Dart                     Conjuration                  1
   b - Searing Ray                    Conjuration                  2
   c - Dazzling Spray                 Conjuration/Hexes            3
   d - Fulminant Prism                Conjuration/Hexes            4
   e - Force Lance                    Conjuration/Translocation    4
   f - Iskenderun's Mystic Blast      Conjuration                  4
Comestibles
 c - 4 bread rations
 d - 3 meat rations
 r - a royal jelly


   Skills:
 + Level 0.2 Fighting
 - Level 2.4 Dodging
 - Level 2.4 Stealth
 + Level 3.7 Spellcasting
 * Level 7.0 Conjurations


You had 5 spell levels left.
You knew the following spells:

 Your Spells              Type           Power        Failure   Level  Hunger
a - Magic Dart            Conj           ####         1%          1    None
b - Searing Ray           Conj           ####..       1%          2    ##.....
c - Dazzling Spray        Conj/Hex       ###...       9%          3    ###....


Dungeon Overview and Level Annotations

Branches:
Dungeon (3/15)

Altars:


Message History

Aiming: Searing Ray
Press: ? - help, Shift-Dir - straight line, f/p - crocodile
Aim: a crocodile (moderately wounded)
The searing ray hits the crocodile.
The crocodile is heavily wounded. (Press . to maintain the ray.)
The crocodile bites you but does no damage.
The searing ray hits the crocodile.
The crocodile is heavily wounded.
The crocodile bites you!
* * * LOW HITPOINT WARNING * * *
The crocodile bites you.
* * * LOW HITPOINT WARNING * * *
The searing ray hits the crocodile.
The crocodile is severely wounded.
The crocodile bites you but does no damage.
It was a potion of haste.
You feel yourself speed up. The crocodile bites you.
* * * LOW HITPOINT WARNING * * *
The crocodile bites you.
You die...

##...## ##.## #.#
#.# ###### #.#
#.....# #.# $......
#.#
?$.....####.#######
$(......t♣.........
%$.....############
$...... #.....#
######


You could see a crocodile.

Vanquished Creatures
  Natasha (twice) (D:2)
  Robin (D:3)
  4 adders
  A worm (D:2)
  A dart slug (D:1)
  3 leopard geckos
  7 orcs (D:3)
  4 ball pythons
  11 bats
  3 giant cockroaches (D:1)
  11 goblins
  10 hobgoblins
  3 kobolds
  A quokka (D:2)
  4 frilled lizards
  A quokka skeleton (D:3)
  9 rats
76 creatures vanquished.

Notes
Turn   | Place    | Note
-------+----------+-------------------------------------------
     0 | D:1      | gobwax the Deep Elf Conjurer began the quest for the Orb.
     0 | D:1      | Reached XP level 1. HP: 10/10 MP: 6/6
    88 | D:1      | Reached XP level 2. HP: 15/15 MP: 2/8
   165 | D:1      | Reached skill level 5 in Conjurations
   800 | D:1      | Reached XP level 3. HP: 19/19 MP: 5/9
  1260 | D:2      | Noticed Natasha
  1265 | D:2      | Killed Natasha
  1265 | D:2      | Reached skill level 6 in Conjurations
  1265 | D:2      | Reached XP level 4. HP: 18/24 MP: 2/11
  1269 | D:2      | Learned a level 2 spell: Searing Ray
  1273 | D:2      | Learned a level 3 spell: Dazzling Spray
  1842 | D:2      | Noticed Natasha
  1847 | D:2      | Killed Natasha
  2294 | D:3      | Reached XP level 5. HP: 28/28 MP: 10/12
  2299 | D:3      | Noticed Robin
  2360 | D:3      | Killed Robin
  2515 | D:3      | Found a glowing drain.
  2518 | D:3      | Reached skill level 7 in Conjurations
  2529 | Sewer    | Entered a sewer
  2602 | Sewer    | Noticed a crocodile
  2617 | Sewer    | HP: 1/42 [crocodile (5)]
  2617 | Sewer    | Slain by a crocodile

Skill      XL: |  1  2  3  4  5 |
---------------+----------------+-----
Conjurations   | 5 6 7 |  7.0
Fighting       | |  0.2
Dodging        | |  2.4
Stealth        | |  2.4
Spellcasting   | |  3.7

Action                   |  1- 3 |  4- 6 || total
-------------------------+-------+-------++-------
Melee: Dagger            |       |    26 ||    26
 Cast: Magic Dart        |    61 |    38 ||    99
       Searing Ray       |       |    11 ||    11
  Use: Potion            |       |     4 ||     4
       Scroll            |       |     3 ||     3
 Stab: Sleeping          |       |     1 ||     1
  Eat: Chunk             |     1 |     4 ||     5
Armor: Robe              |     2 |       ||     2
       Skin              |       |    20 ||    20
Dodge: Dodged            |     4 |    16 ||    20
